 Dungeon Crawl Stone Soup version 0.30-a0-626-gd6a5dd7a1f (webtiles) character file.

Game seed: 1697298119724125038

32001 Dartaoz the Fighter (level 13, -7/106 HPs)
             Began as a Demonspawn Fighter on Jan 10, 2023.
             Was an Elder of Makhleb.
             Mangled by a death yak (13 damage)
             ... on level 4 of the Lair of Beasts on Jan 11, 2023.
             The game lasted 00:43:38 (12677 turns).

Dartaoz the Fighter (Demonspawn Fighter)           Turns: 12677, Time: 00:43:39

Health: -7/106     AC: 30    Str: 22    XL:     13   Next: 29%
Magic:  19/19      EV: 14    Int: 15    God:    Makhleb [****..]
Gold:   635        SH:  0    Dex: 12    Spells: 12/12 levels left

rFire   + . .      SeeInvis +    v - +9 war axe "Terpha Gefia" {spect, rF+}
rCold   . . .      Faith    .    (no shield)
rNeg    . . .      Spirit   .    S - +9 plate armour of an ice cave {rElec rPois Str+2 Int+3}
rPois   +          Reflect  .    (no helmet)
rElec   +          Harm     .    o - scarf {repulsion}
rCorr   .          Rampage  .    I - +2 pair of gloves {hurl}
Will    +....                    C - +0 pair of boots Stlth
                                 (no amulet)
HPRegen 0.37/turn                r - +5 ring of evasion
MPRegen 0.16/turn                D - ring of see invisible

@: repel missiles
A: spiny 2, sharp scales 2, demonic magic 2, demonic willpower, demonic touch 2
a: Renounce Religion, Minor Destruction, Lesser Servant of Makhleb, Major
Destruction


You were on level 4 of the Lair of Beasts.
You worshipped Makhleb.
Makhleb was greatly pleased with you.
You visited 3 branches of the dungeon, and saw 16 of its levels.

You collected 1602 gold pieces.
You spent 967 gold pieces at shops.

Inventory:

Hand Weapons
 a - a +1 long sword of freezing
 v - the +9 war axe "Terpha Gefia" (weapon) {spect, rF+}
   (You found it on level 3 of the Dungeon)

   rF:        It protects you from fire.
Missiles
 w - 4 throwing nets (quivered)
Armour
 b - a +0 scale mail
 c - a +0 buckler
 e - a +0 cloak
 l - a +0 chain mail
 o - a scarf of repulsion (worn)
 C - a +0 pair of boots (worn)
 I - a +2 pair of gloves of hurling (worn)
 Q - a +0 plate armour
 S - the +9 plate armour of an ice cave (worn) {rElec rPois Str+2 Int+3}
   (You bought it in a shop on level 2 of the Dungeon)

   Str:       It affects your strength (+2).
   Int:       It affects your intelligence (+3).
   rElec:     It insulates you from electricity.
   rPois:     It protects you from poison.
Jewellery
 r - a +5 ring of evasion (left hand)
 D - a ring of see invisible (right hand)
 N - a ring of protection from cold
 O - an amulet of magic regeneration
 T - a ring of positive energy
 V - a ring of willpower
Wands
 E - a wand of digging (6)
 H - a wand of charming (17)
 R - a wand of polymorph (6)
Scrolls
 f - 3 scrolls of enchant weapon
 g - 2 scrolls of poison
 h - 2 scrolls of silence
 i - 3 scrolls of fog
 j - 3 scrolls of amnesia
 t - 2 scrolls of vulnerability
 x - 3 scrolls of immolation
 y - 2 scrolls of summoning {unknown}
 z - 6 scrolls of teleportation
 A - a scroll of enchant armour {unknown}
 G - 3 scrolls of noise {unknown}
 L - 2 scrolls of fear {unknown}
 M - a scroll of magic mapping {unknown}
 U - 3 scrolls of blinking {unknown}
Potions
 k - 2 potions of haste
 m - a potion of lignification
 n - 4 potions of brilliance
 p - a potion of resistance
 q - 5 potions of curing
 s - 4 potions of degeneration
 u - a potion of flight
 B - a potion of cancellation
 F - 3 potions of attraction
 J - a potion of ambrosia
 K - 2 potions of invisibility
 P - a potion of heal wounds


   Skills:
 + Level 11.0 Fighting
 - Level 2.6 Long Blades
 + Level 9.4 Axes
 + Level 10.1 Armour
 + Level 6.1 Dodging
 + Level 10.1 Shields
 + Level 9.1 Invocations


You had 12 spell levels left.
You didn't know any spells.
Your spell library contained the following spells:

 Spells                   Type           Power      Damage    Failure   Level
 Cigotuvi's Dreadful Rot  Necr/Pois/Air  0%         N/A       99%         2
 Frozen Ramparts          Ice            0%         1d1       100%        3
 Mephitic Cloud           Conj/Pois/Air  0%         N/A       100%        3
 Stone Arrow              Conj/Erth      0%         3d7       100%        3
 Animate Armour           Summ/Erth      0%         N/A       100%        4
 Dispel Undead            Necr           0%         3d6       100%        4
 Ice Form                 Ice/Tmut       0%         N/A       100%        4
 Summon Ice Beast         Ice/Summ       0%         N/A       100%        4
 Alistair's Intoxication  Tmut/Pois      0%         N/A       100%        5
 Borgnjor's Vile Clutch   Necr/Erth      0%         N/A       100%        5
 Death Channel            Necr           0%         N/A       100%        6
 Eringya's Noxious Bog    Tmut/Pois      0%         N/A       100%        6
 Lehudib's Crystal Spear  Conj/Erth      0%         10d2      100%        8
 Chain Lightning          Conj/Air       0%         N/A       100%        9
 Fire Storm               Conj/Fire      0%         5d1       100%        9
 Shatter                  Erth           0%         3d5*      100%        9


Dungeon Overview and Level Annotations

Branches:
Dungeon (11/15)            Temple (1/1) D:4            Lair (4/5) D:8
 Shoals (0/4) Lair:2       Spider (0/4) Lair:3          Orc (0/2) D:11
  Slime: Lair:4-5

Altars:
Ashenzari
Cheibriados
Dithmenos
Fedhas
Gozag
Hepliaklqana
Kikubaaqudgha
Makhleb
Nemelex Xobeh
Okawaru
Qazlal
Ru
Sif Muna
Trog
Uskayaw
Vehumet
Wu Jian
Xom
Yredelemnul

Shops:
D:2 [**[   D:7 (

Annotations:
D:7 3 runed translucent doors, BlackLaughter's ghost, novice GrBe; Decipherer's ghost, novice MiBe; M4edhros's ghost, weakling OpAr


Innate Abilities, Weirdness & Mutations

You are mostly covered in sharp spines.
You are mostly covered in razor-sharp scales. (AC +2, Slay +2)
Spells you cast may paralyse nearby enemies.
You punish those that try to bend your will. (Will+)
Your touch may inflict irresistible damage on your foes.


Message History

The death yak is struck by your spines. The death yak gores you.
The death yak is struck by your spines.
The death yak gores you but does no damage.
The death yak gores you. The death yak is struck by your spines.
The death yak completely misses you. The death yak is struck by your spines.
The death yak gores you!
The death yak gores you but does no damage. x4
The death yak gores you but does no damage. x3
The death yak gores you. The death yak gores you!
You turn to flesh and can move again.
You feel much better. The death yak is struck by your spines.
The death yak completely misses you. The death yak gores you. x2
The death yak gores you but does no damage.
The death yak is struck by your spines. The death yak closely misses you.
Okay, then.
A demon appears!
The death yak closely misses you. The death yak is struck by your spines.
The death yak closely misses you. The death yak is struck by your spines.
The death yak gores you! x2
The death yak is struck by your spines. The death yak gores you!
* * * LOW HITPOINT WARNING * * *
You are too injured to fight recklessly!
You hit the death yak.
The death yak is heavily wounded.
You slice the death yak!! You slash the death yak!
You barely miss the death yak. You hit the death yak.
The death yak is struck by your spines.
The death yak gores you but does no damage.
The death yak misses you. The death yak is struck by your spines.
The death yak gores you!
* * * LOW HITPOINT WARNING * * *
The death yak gores you but does no damage.
The death yak gores you.
* * * LOW HITPOINT WARNING * * *
Your hellwing barely misses the death yak. x2
You hit the death yak but do no damage.
The death yak is heavily wounded.
You hit the death yak. x2; You hit the death yak but do no damage.
You hit the death yak. The death yak closely misses you.
The death yak gores you!
You die...

............###
................
.................
.................
.................
.................
......YYY4.......
......Y@Y........
..........>......
..............>..
.........<#.....#
.#...##.#.# P..##
#### ##### .## #


You could see 5 death yaks and a friendly hellwing (summoned).

Vanquished Creatures
  The ghost of capka3m the Carver, a journeyman FoFi of Okawaru (Lair:2)
  A rakshasa (D:10)
  An ogre mage (D:10)
  4 boulder beetles
  2 centaur warriors
  A two-headed ogre (D:11)
  A catoblepas (Lair:4)
  A deep troll earth mage (D:10)
  2 ugly things
  A cyclops (D:11)
  4 black mambas
  5 cane toads
  Maggie (D:7)
  3 komodo dragons
  3 rime drakes
  A freezing wraith (D:10)
  A merfolk (Lair:2)
  A meliai (Lair:3)
  A troll (D:11)
  2 polar bears (Lair:2)
  A hornet (D:7)
  5 blink frogs (Lair:3)
  3 shadows
  32 yaks
  2 vampires (D:10)
  3 wraiths
  2 wyverns (Lair:3)
  4 basilisks
  2 steam dragons (D:8)
  2 vampire mosquitoes (D:10)
  Menkaure (D:7)
  2 acid dragons (D:11)
  3 wargs (D:8)
  6 water moccasins
  3 orc warriors
  An ice beast (D:7)
  4 black bears
  2 sky beasts
  2 ogres
  9 wolves (Lair:3)
  7 centaurs
  2 phantoms
  2 kobold brigands
  10 bullfrogs
  A necrophage (D:5)
  2 gnoll sergeants (D:10)
  4 scorpions
  12 wights
  18 killer bees
  2 jellies
  11 howler monkeys
  2 hounds
  2 gnoll boudas
  7 orc priests
  Ijyb (D:5)
  5 iguanas
  8 orc wizards
  8 adders
  13 gnolls
  A white imp (D:5)
  2 ufetubi
  A worm (D:3)
  4 dart slugs
  27 orcs
  7 bats
  8 endoplasms
  3 giant cockroaches
  8 goblins
  8 hobgoblins
  6 quokkas
  5 ball pythons
  2 frilled lizards
  18 kobolds
  17 rats
360 creatures vanquished.

Vanquished Creatures (collateral kills)
  A hydra (Lair:2)
  A centaur warrior (D:11)
  A merfolk siren (Lair:2)
  2 merfolk (Lair:2)
  A yak (Lair:2)
  An orc warrior (D:10)
7 creatures vanquished.

Vanquished Creatures (others)
  3 bushes (D:10)
  A demonic plant (D:3)
  4 fungi
  12 plants
20 creatures vanquished.

Grand Total: 387 creatures vanquished

Notes
Turn   | Place    | Note
-------+----------+-------------------------------------------
     0 | D:1      | Dartaoz the Demonspawn Fighter began the quest for the Orb.
     0 | D:1      | Reached XP level 1. HP: 18/18 MP: 1/1
   153 | D:1      | Gained mutation: Your touch may inflict minor irresistible
                  | damage on your foes. [demonic ancestry]
   153 | D:1      | Reached XP level 2. HP: 24/24 MP: 2/2
   447 | D:1      | Gained mutation: You are partially covered in sharp spines.
                  | [demonic ancestry]
   447 | D:1      | Reached XP level 3. HP: 29/29 MP: 3/3
   839 | D:2      | Found Poveun's General Store.
   899 | D:2      | Found Lomi's Armour Emporium.
   985 | D:2      | Gained mutation: Spells you cast may paralyse adjacent
                  | enemies. [demonic ancestry]
   985 | D:2      | Reached XP level 4. HP: 30/36 MP: 4/4
  1039 | D:2      | Found Umouph's General Store.
  1114 | D:2      | Found Onnai's Armour Boutique.
  1656 | D:3      | Identified the +9 war axe "Terpha Gefia" {spect, rF+}
  1738 | D:3      | Reached XP level 5. HP: 29/42 MP: 5/5
  1846 | D:3      | Reached skill level 4 in Fighting
  2262 | D:3      | Found a faded altar of an unknown god.
  2262 | D:3      | Noticed a sixfirhy
  2420 | D:4      | Noticed a black bear
  2424 | D:4      | Killed a black bear
  2425 | D:4      | Reached skill level 1 in Axes
  2434 | D:4      | Found a staircase to the Ecumenical Temple.
  2463 | D:4      | Noticed a phantom
  2464 | D:4      | Gained mutation: Your touch may inflict irresistible damage
                  | on your foes. [demonic ancestry]
  2464 | D:4      | Reached XP level 6. HP: 45/48 MP: 6/6
  2737 | D:4      | Noticed a sky beast
  2742 | D:4      | Killed a sky beast
  2743 | D:4      | Gained mutation: You are mostly covered in sharp spines.
                  | [demonic ancestry]
  2743 | D:4      | Reached XP level 7. HP: 54/55 MP: 7/7
  3063 | D:5      | Entered Level 5 of the Dungeon
  3063 | D:5      | Noticed Ijyb
  3109 | Temple   | Entered the Ecumenical Temple
  3295 | D:5      | Reached skill level 5 in Fighting
  3358 | D:5      | Found a burning altar of Makhleb.
  3362 | D:5      | Noticed an angel
  3363 | D:5      | Noticed a balrug
  3367 | D:5      | Became a worshipper of Makhleb the Destroyer
  3445 | D:5      | Killed Ijyb
  3805 | D:5      | Reached skill level 5 in Armour
  3805 | D:5      | Reached skill level 5 in Shields
  3805 | D:5      | Gained mutation: Spells you cast may paralyse nearby
                  | enemies. [demonic ancestry]
  3805 | D:5      | Reached XP level 8. HP: 63/63 MP: 8/8
  4383 | D:6      | Reached skill level 6 in Fighting
  4824 | D:7      | Reached * piety under Makhleb
  4826 | D:7      | Gained mutation: You are partially covered in razor-sharp
                  | scales. (AC +1, Slay +1) [demonic ancestry]
  4826 | D:7      | Reached XP level 9. HP: 41/71 MP: 9/9
  5097 | D:7      | Reached skill level 5 in Axes
  5167 | D:7      | Found Tukacral's Antique Weapon Shoppe.
  5170 | D:7      | Found an ornate altar of the Wu Jian Council.
  5238 | D:7      | Noticed Maggie
  5250 | D:7      | Killed Maggie
  5251 | D:7      | Reached skill level 7 in Fighting
  5312 | D:7      | Noticed Menkaure
  5319 | D:7      | Killed Menkaure
  5462 | D:7      | Found a runed translucent gate.
  5463 | D:7      | Found a runed translucent gate.
  5463 | D:7      | Found a runed translucent gate.
  5465 | D:7      | Noticed BlackLaughter's ghost (novice GrBe)
  5465 | D:7      | Noticed Decipherer's ghost (novice MiBe)
  5465 | D:7      | Noticed M4edhros's ghost (weakling OpAr)
  6233 | D:8      | Noticed a centaur warrior
  6237 | D:8      | Killed a centaur warrior
  6238 | D:8      | Reached skill level 8 in Fighting
  6238 | D:8      | Gained mutation: You are mostly covered in razor-sharp
                  | scales. (AC +2, Slay +2) [demonic ancestry]
  6238 | D:8      | Reached XP level 10. HP: 63/80 MP: 10/10
  6472 | D:8      | Found a staircase to the Lair.
  6593 | D:8      | Reached ** piety under Makhleb
  6679 | D:8      | Found a shimmering blue altar of Sif Muna.
  7165 | D:9      | Found a blossoming altar of Fedhas.
  7276 | D:9      | Found a shimmering altar of Xom.
  7307 | D:9      | Found a radiant altar of Vehumet.
  7498 | D:10     | Entered Level 10 of the Dungeon
  7549 | D:10     | Reached skill level 1 in Invocations
  7555 | D:10     | Reached skill level 1 in Dodging
  7760 | D:10     | Gained mutation: You punish those that try to bend your
                  | will. (Will+) [demonic ancestry]
  7760 | D:10     | Reached XP level 11. HP: 85/87 MP: 11/13
  7761 | D:10     | Reached skill level 9 in Fighting
  7767 | D:10     | Reached *** piety under Makhleb
  7836 | D:10     | Found a basalt altar of Yredelemnul.
  7988 | D:10     | Identified the +0 leather armour of Pan-Flutes {Rampage
                  | Int+4}
  8179 | D:10     | Noticed a deep troll earth mage
  8179 | D:10     | Noticed a boulder beetle
  8179 | D:10     | Noticed a cyan ugly thing
  8469 | D:10     | Killed a cyan ugly thing
  8472 | D:10     | Killed a deep troll earth mage
  8488 | D:10     | Killed a boulder beetle
  8787 | D:10     | Noticed a rakshasa
  8804 | D:10     | Killed a rakshasa
  8834 | D:10     | Reached skill level 5 in Invocations
  8992 | D:10     | Noticed an ogre mage
  8993 | D:10     | Noticed a centaur warrior
  8998 | D:10     | Killed an ogre mage
  9001 | D:10     | Killed a centaur warrior
  9234 | D:11     | Noticed a centaur warrior
  9239 | D:11     | Killed a centaur warrior
  9419 | D:11     | Reached XP level 12. HP: 97/97 MP: 16/16
  9558 | D:11     | Reached skill level 10 in Fighting
  9628 | D:11     | Noticed a two-headed ogre
  9629 | D:11     | Noticed a frost giant
  9634 | D:11     | Killed a two-headed ogre
  9681 | D:11     | Noticed a centaur warrior
  9743 | D:11     | Found a staircase to the Orcish Mines.
 10118 | D:2      | Bought the +9 plate armour of an ice cave {rElec rPois
                  | Str+2 Int+3} for 967 gold pieces
 10128 | D:2      | Upgraded the game from 0.30-a0-620-g0e44632947 to
                  | 0.30-a0-626-gd6a5dd7a1f
 10326 | Lair:1   | Entered Level 1 of the Lair of Beasts
 10369 | Lair:1   | Reached **** piety under Makhleb
 10685 | Lair:1   | Identified the +9 scale mail of Leaves {Int+2}
 11025 | Lair:2   | Noticed a boulder beetle
 11029 | Lair:2   | Noticed a boulder beetle
 11039 | Lair:2   | Killed a boulder beetle
 11040 | Lair:2   | Reached skill level 5 in Dodging
 11041 | Lair:2   | Killed a boulder beetle
 11345 | Lair:2   | Got the Octavo of Nephomancy
 11362 | Lair:2   | Found a staircase to the Shoals.
 11468 | Lair:2   | Found a large runed translucent door.
 11468 | Lair:2   | Found a large runed translucent door.
 11469 | Lair:2   | Noticed a five-headed hydra
 11474 | Lair:2   | Killed a six-headed hydra
 11499 | Lair:2   | Noticed capka3m's ghost (journeyman FoFi)
 11940 | Lair:2   | Killed capka3m's ghost
 12104 | Lair:3   | Reached XP level 13. HP: 103/104 MP: 19/19
 12109 | Lair:3   | Reached skill level 10 in Shields
 12113 | Lair:3   | Reached skill level 10 in Armour
 12119 | Lair:3   | Reached ***** piety under Makhleb
 12195 | Lair:3   | Reached skill level 11 in Fighting
 12524 | Lair:3   | Found a hole to the Spider Nest.
 12677 | Lair:4   | Mangled by a death yak

Illustrated notes

Levels and vault maps discovered:
D:1:      dpeg_arrival_ratfight, layout_loops_ring
D:2:      layout_loops_ring, serial_shops, shop, shop, shop, shop,
          minmay_misc_feat_iff, st_stairs_14
D:3:      layout_basic, dreamdust_ecumenical_altar_sealed_demon
D:4:      layout_gridville, minmay_temple_entry_purple_smoke
D:5:      layout_loops_ring, grunt_temple_overflow_order_and_chaos_2,
          chequers_serial_rivers_large_a, chequers_serial_rivers_micro_d,
          kennysheep_generic_room_7, uniq_ijyb
D:6:      layout_rooms, minmay_strange_pillars
D:7:      layout_basic, mainiacjoe_overflow_tiny_flanked, serial_shops, shop,
          gammafunk_ghost_cemetery, uniq_menkaure, uniq_maggie
D:8:      layout_loops_ring, nicolae_sif_muna_little_library,
          erik_lair_orcish_takeover, minmay_small_thing
D:9:      layout_rooms, lemuel_round_altar, mainiacjoe_overflow_two_lobes
D:10:     minmay_klotski, layout_irregular_city, tso_oasis_becter,
          mainiacjoe_overflow_boulevard
D:11:     layout_roguey, orc_0_dummy, hangedman_abyss_or_decor_stabs,
          onia_ninara_dug_in_and_dangerous
Temple:   dshaligram_water_room_temple
Lair:1:   hellmonk_destroyed_diamonds, layout_regular_city
Lair:2:   layout_cave_shapes, elwin_shoals_entry_stream,
          ebering_ghost_disaster_area, cheibrodos_lair_lostbears,
          infiniplex_staircase_pool_2
Lair:3:   layout_misc_corridors, hellmonk_spider_entry_not_the_bees
Lair:4:   layout_hall_layers, slime_entry_1

Skill      XL: |  1  2  3  4  5  6  7  8  9 10 11 12 13 |
---------------+----------------------------------------+-----
Long Blades    | 2 |  2.6
Shields        | 3 4 5 6 7 8 9 10 | 10.1
Armour         | 3 4 5 7 8 9 10 | 10.1
Fighting       | 4 5 6 8 9 10 11 | 11.0
Axes           | 1 2 3 4 6 7 8 9 |  9.4
Invocations    | 2 6 8 9 |  9.1
Dodging        | 1 4 5 6 |  6.1

Action                   |  1- 3 |  4- 6 |  7- 9 | 10-12 | 13-15 || total
-------------------------+-------+-------+-------+-------+-------++-------
Melee: Long sword        |    88 |    25 |       |     1 |       ||   114
       Touch             |     3 |     8 |    21 |    50 |     6 ||    88
       War axe           |       |    31 |   101 |   289 |    27 ||   448
       Punch             |       |       |     3 |     6 |       ||     9
Invok: Lesser Servant of |       |       |       |     8 |     2 ||    10
       Major Destruction |       |       |       |     1 |       ||     1
  Use: Scroll            |       |       |    15 |     4 |     3 ||    22
       Potion            |       |       |     2 |     3 |     2 ||     7
 Stab: Distracted        |       |       |       |     4 |       ||     4
Armor: Scale mail        |    23 |       |       |       |       ||    23
       Chain mail        |     5 |    17 |    33 |    61 |       ||   116
       Plate armour      |       |       |       |    37 |    42 ||    79
Dodge: Dodged            |    52 |    24 |    62 |   157 |    36 ||   331
       Repelled          |       |     1 |     1 |     6 |     1 ||     9
Block: Buckler           |     4 |       |       |       |       ||     4

Table legend: (Time is in decaauts)
 A = Elapsed time spent in this place.
 B = Non-inter-level travel time spent in this place.
 C = Inter-level travel time spent in this place.
 D = Time resting spent in this place.
 E = Time spent auto-exploring this place.
 F = Levels seen in this place.
 G = Mean time per level.
                   A        B        C        D        E       F      G
               +--------+--------+--------+--------+--------+-----+--------+
         Total |  12820 |  11977 |    843 |    702 |   9436 |  16 |  801.2 |
       Dungeon |  10326 |   9521 |    805 |    602 |   7454 |  11 |  938.7 |
        Temple |    128 |    128 |      0 |      0 |     60 |   1 |  128.0 |
          Lair |   2365 |   2328 |     37 |    100 |   1922 |   4 |  591.2 |
               +--------+--------+--------+--------+--------+-----+--------+

Top non-repeatable levels by time:
    D:10: 1490 daAuts
     D:7: 1336 daAuts
     D:5: 1125 daAuts
  Lair:2: 1044 daAuts
     D:8: 979 daAuts
     D:3: 916 daAuts
     D:9: 855 daAuts
     D:2: 844 daAuts
     D:1: 818 daAuts
     D:4: 803 daAuts
  Lair:1: 697 daAuts
    D:11: 680 daAuts
  Lair:3: 600 daAuts
     D:6: 476 daAuts
  Temple: 128 daAuts
